 Dungeon Crawl Stone Soup version 0.28-a0-1485-g077359a4bf (webtiles) character file.

Game seed: 18422710401302459525

5 sanka the Caller (level 1, 0/13 HPs)
             Began as a Gnoll Summoner on Jan 11, 2022.
             Slain by a jackal (1 damage)
             ... on level 1 of the Dungeon.
             The game lasted 00:00:33 (364 turns).

sanka the Caller (Gnoll Summoner)                    Turns: 364, Time: 00:00:34

Health: 0/13       AC:  2    Str:  7    XL:     1   Next: 80%
Magic:  5/6        EV: 13    Int: 14    God:
Gold:   0          SH:  0    Dex: 12    Spells: 8/9 levels left

rFire   . . .      SeeInvis .   (no weapon)
rCold   . . .      Faith    .   (no shield)
rNeg    . . .      Spirit   .   a - +0 robe
rPois   .          Reflect  .   (no helmet)
rElec   .          Harm     .   (no cloak)
rCorr   .          Rampage  .   (no gloves)
Will    .....                   (no boots)
Stlth   ++........              (no amulet)
HPRegen 0.04/turn               (no ring)
MPRegen 0.10/turn               (no ring)

@: no status effects
A: fangs 1, strong nose, distributed training
a: no special abilities


You were on level 1 of the Dungeon.
You visited 1 branch of the dungeon, and saw 1 of its levels.


Innate Abilities, Weirdness & Mutations

You have very sharp teeth.
Your uncanny sense of smell can sniff out nearby items.
Your experience applies equally to all skills.


   Skills:
 + Level 0.1 Fighting
 + Level 0.1 Short Blades
 + Level 0.1 Long Blades
 + Level 0.1 Axes
 + Level 0.1 Maces & Flails
 + Level 0.1 Polearms
 + Level 0.1 Staves
 + Level 0.1 Slings
 + Level 0.1 Bows
 + Level 0.1 Crossbows
 + Level 0.1 Throwing
 + Level 0.1 Armour
 + Level 4.4 Dodging
 + Level 4.0 Stealth
 + Level 0.1 Shields
 + Level 0.1 Unarmed Combat
 + Level 4.9 Spellcasting
 + Level 0.1 Conjurations
 + Level 0.1 Hexes
 + Level 7.0 Summonings
 + Level 0.1 Necromancy
 + Level 0.1 Translocations
 + Level 0.1 Transmutations
 + Level 0.1 Fire Magic
 + Level 0.1 Ice Magic
 + Level 0.1 Air Magic
 + Level 0.1 Earth Magic
 + Level 0.1 Poison Magic
 + Level 0.2 Invocations
 + Level 0.1 Evocations


You had 8 spell levels left.
You knew the following spells:

 Your Spells              Type           Power      Damage    Failure   Level
z - Summon Small Mammal   Summ           92%        N/A       1%          1

Your spell library contained the following spells:

 Spells                   Type           Power      Damage    Failure   Level
 Call Imp                 Summ           23%        N/A       1%          2
 Call Canine Familiar     Summ           23%        N/A       3%          3
 Summon Guardian Golem    Hex/Summ       13%        N/A       12%         3
 Summon Lightning Spire   Summ/Air       13%        N/A       38%         4

Inventory:

Armour
 a - a +0 robe (worn)

Dungeon Overview and Level Annotations

Branches:
Dungeon (1/15)

Altars:

.... .... .... ..▒
▒▒▒)▒
▒▒▒▒▒▒▒▒▒▒▒▒▒...▒
▒.............▒▒▒
▒......▒▒▒▒▒▒▒▒
▒.gh...▒ ▒....)▒▒
▒▒▒▒▒▒▒▒▒▒.b...▒
▒▒........▒.....▒
▒▒▒...▒▒▒▒▒.▒▒.▒▒▒▒▒
▒▒▒.......▒▒▒.÷..▒....
▒.............)....▒
▒..........▒▒▒▒▒▒▒▒▒
▒..........▒


You could see a jackal (ally target) and a friendly bat (summoned).


Message History

The jackal bites your quokka.
Your quokka bites the jackal.
The jackal bites your quokka.
Your quokka closely misses the jackal.
Your quokka bites the jackal.
The jackal bites your quokka but does no damage.
Your quokka misses the jackal. The jackal bites your quokka.
Your quokka dies!
The jackal bites your bat.
Your bat hits the jackal.
Your bat barely misses the jackal.
Your bat closely misses the jackal.
Your bat barely misses the jackal.
You hit the jackal but do no damage. Your bite misses the jackal.
The jackal is almost dead.
Your bat closely misses the jackal.
The jackal barely misses you. The jackal closely misses you.
You hit the jackal but do no damage.
The jackal is almost dead.
Your bat misses the jackal. The jackal barely misses you.
You hit the jackal but do no damage.
The jackal is almost dead.
Your bat barely misses the jackal.
The jackal closely misses you. The jackal bites you.
You die...

Action                   || total
-------------------------++-------
Melee: Unarmed           ||    24
 Cast: Summon Small Mamm ||     5
Armor: Robe              ||     2
Dodge: Dodged            ||    15

Levels and vault maps discovered:
D:1:      eino_arrival_cavern_b, layout_rooms

Notes
Turn   | Place    | Note
-------+----------+-------------------------------------------
     0 | D:1      | sanka the Gnoll Summoner began the quest for the Orb.
     0 | D:1      | Reached XP level 1. HP: 13/13 MP: 6/6
   353 | D:1      | HP: 1/13 [jackal (1)]
   364 | D:1      | Slain by a jackal

Vanquished Creatures
  A rat (D:1)
1 creature vanquished.

Vanquished Creatures (collateral kills)
  2 goblins (D:1)
  A jackal (D:1)
  A ball python (D:1)
4 creatures vanquished.

Grand Total: 5 creatures vanquished
